Map: [ESL] Hard Lead

Players

Clem

  • Race: Terran Terran
  • Spawn Location: 5:00

Solar - Winner!

  • Race: Zerg Zerg
  • Spawn Location: 11:00

Event: IEM Katowice 2024

VOD

Have the link to the VOD?

Description

Time

  • Played on: Feb. 10, 2024, 10:42 a.m.
  • Length: 17:27

All games in this series

Show
View Real Time Build Order
Export as new Build Order

Clem Terran 

Build Orders: Reaper Expand, Hellion Banshee 

Get SALT Encoding   

  12  0:00  SCV  
  13  0:12  SCV  
  14  0:16  Supply Depot  
  14  0:24  SCV  
  15  0:38  Barracks, SCV  
  15  0:42  Refinery  
  16  0:50  SCV  
  17  1:02  SCV  
  18  1:14  SCV  
  19  1:25  Reaper  
  19  1:27  Orbital Command  
  20  1:38  Command Center  
  20  1:47  Supply Depot  
  20  1:53  SCV  
  21  1:57  Marine  
  22  2:05  SCV  
  23  2:11  Factory  
  23  2:17  SCV  
  23  2:20  Barracks Reactor  
  24  2:29  SCV  
  25  2:37  Command Center  
  25  2:41  SCV  
  26  2:51  Orbital Command  
  26  2:53  SCV  
  29  3:07  SCV  
  29  3:08  Starport  
  29  3:09  Hellion, Refinery  
  30  3:14  Hellion  
  30  3:16  SCV  
  30  3:19  SCV  
  34  3:22  Barracks Tech Lab  
  34  3:29  SCV  
  34  3:31  SCV  
  34  3:32  Hellion  
  38  3:35  Hellion  
  38  3:41  SCV  
  41  3:43  SCV  
  42  3:50  Marine  
  42  3:51  Orbital Command, Banshee  
  42  3:53  SCV  
  47  3:57  Hellion x2  
  47  3:59  Cloaking Field  
  47  4:01  SCV  
  52  4:07  Supply Depot, SCV  
  53  4:11  Barracks Tech Lab  
  53  4:13  SCV  
  54  4:18  Hellion  
  54  4:19  Hellion, SCV  
  54  4:20  SCV  
  60  4:25  SCV  
  60  4:31  SCV  
  62  4:32  Supply Depot  
  62  4:33  Marine  
  62  4:34  Banshee, SCV  
  67  4:38  Stimpack  
  67  4:42  SCV  
  68  4:45  SCV  
  68  4:46  Barracks  
  68  4:48  Barracks  
  69  4:53  Factory Reactor, Marine, SCV  
  69  4:55  Supply Depot  
  69  4:57  SCV  
  69  4:58  SCV, Refinery x2  
  73  5:03  Engineering Bay  
  73  5:05  Engineering Bay  
  74  5:10  Orbital Command  
  74  5:11  SCV, Marine  
  75  5:14  SCV  
  75  5:19  Supply Depot  
  76  5:23  SCV  
  76  5:25  Barracks  
  76  5:26  Barracks, Starport Reactor  
  76  5:27  SCV  
  78  5:29  Marine  
  78  5:31  Terran Infantry Weapons Level 1, Terran Infantry Armor Level 1  
  79  5:35  SCV  
  79  5:37  Marine  
  79  5:40  Marine  
  79  5:41  Supply Depot  
  79  5:42  SCV  
  83  5:43  SCV  
  83  5:44  Marine  
  83  5:45  Marine  
  83  5:47  Factory Reactor, Marine  
  83  5:48  SCV  
  88  5:54  SCV  
  88  5:55  Marine  
  90  5:57  Marine  
  90  5:58  SCV  
  90  6:00  SCV  
  90  6:02  Marine  
  87  6:05  Marine  
  87  6:06  SCV  
  87  6:08  Marine  
  87  6:10  Supply Depot, Medivac x2  
  91  6:13  Armory  
  91  6:14  Barracks Reactor x2  
  91  6:15  SCV x2  
  91  6:17  Marine x2  
  95  6:20  SCV, Marine  
  95  6:25  Widow Mine x2  
  101  6:27  Supply Depot  
  101  6:28  Refinery  
  101  6:29  Combat Shield  
  101  6:31  Marine x2  
  101  6:32  SCV x2  
  105  6:35  SCV, Marine x2  
  105  6:38  Marine  
  109  6:42  Supply Depot  
  109  6:44  Factory  
  109  6:49  SCV x3, Marine x2  
  114  6:54  Marine  
  114  6:55  Supply Depot, Marine x2  
  114  6:56  Supply Depot  
  117  7:03  Widow Mine x2, SCV x2, Marine x2  
  125  7:11  Supply Depot  
  125  7:16  Medivac x2, Marine x2, SCV x2  
  125  7:18  Command Center  
  133  7:23  SCV  
  133  7:24  Marine x3  
  133  7:26  Sensor Tower  
  133  7:28  Widow Mine x2  
  141  7:30  Factory Tech Lab  
  141  7:34  Supply Depot, Marine  
  141  7:35  Marine  
  141  7:36  Supply Depot  
  143  7:37  Marine  
  143  7:44  Terran Infantry Weapons Level 2, Terran Infantry Armor Level 2  
  144  7:47  Marine  
  144  7:49  Marine  
  144  7:50  Widow Mine  
  148  7:52  Marine  
  148  7:56  Widow Mine, Marine  
  148  7:57  Marine x4, Widow Mine  
  158  7:59  Terran Vehicle And Ship Armor Level 1  
  158  8:00  Marine  
  158  8:05  Marine  
  159  8:12  Medivac, Widow Mine  
  162  8:15  Concussive Shells  
  162  8:17  Marine  
  162  8:18  Barracks, Widow Mine, Marine  
  162  8:19  Barracks  
  164  8:20  Barracks  
  164  8:25  Marine  
  165  8:28  Medivac  
  165  8:29  Marine x5  
  165  8:30  Widow Mine  
  165  8:33  Widow Mine  
  168  8:37  Marine  
  168  8:39  Widow Mine  
  168  8:40  Marine  
  168  8:41  Marine  
  157  8:42  Medivac, Supply Depot  
  157  8:43  SCV, Marine  
  157  8:44  SCV  
  157  8:45  SCV  
  157  8:47  Marine  
  165  8:50  Marine  
  165  8:51  Widow Mine  
  165  8:55  SCV, Widow Mine  
  171  8:56  SCV  
  171  8:58  Medivac  
  171  9:01  Marauder, Marine x3, Widow Mine  
  178  9:06  Marine  
  178  9:09  Marine x3  
  181  9:10  Barracks Tech Lab  
  181  9:11  Planetary Fortress, Barracks Tech Lab  
  181  9:12  Medivac  
  181  9:13  Widow Mine  
  181  9:14  Marine  
  181  9:16  Widow Mine  
  188  9:21  Marine x2, Drilling Claws  
  188  9:23  Widow Mine  
  188  9:24  Marine  
  188  9:25  Marine  
  188  9:27  Marine  
  188  9:28  Medivac  
  188  9:29  Marine  
  188  9:30  Marine x2  
  188  9:31  Marine  
  184  9:34  Marauder, Widow Mine  
  184  9:37  Sensor Tower  
  188  9:39  Refinery x2  
  188  9:40  Supply Depot  
  188  9:42  Supply Depot  
  188  9:46  SCV  
  188  9:51  Command Center  
  188  10:00  Supply Depot  
  188  10:01  Marine  
  188  10:02  Liberator, SCV x3  
  188  10:03  Marauder, Ghost Academy  
  188  10:04  Marauder  
  188  10:05  Marauder  
  200  10:15  Terran Infantry Weapons Level 3  
  200  10:23  Medivac  
  200  10:24  Marine, Widow Mine  
  200  10:25  Marine  
  200  10:27  Marine x2  
  200  10:28  Marine  
  180  10:32  Marine x2  
  180  10:33  Marauder, Widow Mine, Marine x4  
  189  10:42  Marine x2  
  181  10:44  Liberator, Marine  
  181  10:45  Marine x2  
  181  10:47  Orbital Command  
  184  10:51  Marauder x2  
  184  10:54  Widow Mine, Marine  
  188  10:57  Marauder, Marine  
  188  11:03  Marauder  
  188  11:04  Marine x3  
  177  11:05  Marine x2  
  177  11:07  Marine  
  175  11:12  Marauder  
  175  11:14  Widow Mine, Marine x2  
  175  11:15  Liberator, Marine  
  185  11:18  Marine  
  185  11:22  SCV x3  
  185  11:25  Marauder  
  191  11:26  Marine  
  191  11:27  SCV  
  191  11:32  Marauder  
  194  11:34  Marauder, Marine  
  194  11:37  Marauder, Marine x2  
  194  11:38  Marine  
  195  11:40  Marine  
  195  11:41  SCV  
  195  11:45  Widow Mine  
  195  11:48  Widow Mine  
  195  11:49  Marine  
  195  11:52  Supply Depot  
  195  11:53  Planetary Fortress  
  195  11:56  Terran Infantry Armor Level 3  
  195  12:03  Ghost  
  195  12:05  Medivac  
  195  12:07  Ghost, Widow Mine, Medivac  
  194  12:11  Widow Mine  
  194  12:13  Marine x2  
  197  12:21  Marine  
  197  12:22  Marine x3  
  198  12:24  Marine x2  
  195  12:31  Widow Mine  
  195  12:32  Marine  
  195  12:33  Marine x2  
  195  12:34  Marine x2  
  195  12:35  Medivac, Widow Mine  
  195  12:36  Marine  
  197  12:37  Medivac  
  197  12:39  Marine x2  
  197  12:40  Marine  
  197  12:42  Sensor Tower  
  197  12:43  Fusion Core  
  200  12:44  Command Center  
  200  12:46  Starport  
  200  12:48  Marine  
  200  12:49  SCV  
  200  12:50  SCV  
  200  12:55  Terran Vehicle And Ship Armor Level 2  
  199  13:02  Widow Mine x2  
  199  13:05  Medivac  
  199  13:07  Sensor Tower, Medivac  
  199  13:08  Missile Turret  
  199  13:11  Refinery  
  199  13:12  Ghost, Refinery  
  175  13:25  Widow Mine  
  175  13:27  Starport Reactor, Widow Mine  
  174  13:28  Marauder x3, Marine x8  
  174  13:32  Orbital Command  
  174  13:33  Refinery x2  
  190  13:35  Medivac  
  190  13:37  Medivac  
  190  13:38  Command Center  
  190  13:40  Command Center  
  194  13:41  Marine  
  194  13:45  Marine  
  194  13:46  Widow Mine, Marine  
  197  13:50  SCV  
  197  13:51  Widow Mine  
  194  13:59  Orbital Command  
  194  14:00  Ghost x2  
  194  14:01  Command Center  
  196  14:03  Liberator  
  196  14:07  Ghost, Widow Mine  
  198  14:27  Ghost  
  198  14:29  Medivac  
  198  14:30  SCV, Widow Mine  
  198  14:31  SCV  
  179  14:32  SCV  
  179  14:33  Widow Mine, Marine x6  
  179  14:34  Ghost x2, Marine x2  
  179  14:36  Ghost  
  179  14:37  Advanced Ballistics  
  196  14:40  SCV  
  196  14:42  Refinery  
  197  14:45  SCV  
  197  14:49  Orbital Command  
  197  14:50  Orbital Command  
  197  14:52  Orbital Command  
  198  14:55  Ghost  
  198  15:02  Ghost  
  187  15:10  Orbital Command  
  187  15:12  Ghost  
  189  15:14  Ghost, Sensor Tower  
  189  15:15  Marine  
  189  15:17  Marine x2  
  192  15:24  Ghost, Medivac  
  163  15:31  Marine  
  163  15:32  Marauder  
  163  15:33  Orbital Command  
  164  15:41  Marauder  
  161  15:42  Ghost  
  161  15:45  Medivac  
  161  15:48  Widow Mine  
  165  15:51  Barracks Tech Lab  
  165  15:52  Ghost x2  
  165  15:53  Marine x2  
  165  15:55  Widow Mine  
  167  15:59  Marine x2, Medivac  
  167  16:00  Marine  
  167  16:01  SCV  
  167  16:02  Ghost  
  167  16:03  SCV  
  176  16:04  SCV  
  176  16:09  Medivac  
  176  16:11  Command Center, Marine x3  
  177  16:16  Widow Mine  
  180  16:18  Medivac  
  180  16:21  Widow Mine  
  180  16:23  Marine  
  179  16:27  Marine  
  179  16:28  Medivac  
  179  16:30  Marine  
  179  16:31  Marine  
  168  16:33  Orbital Command  
  168  16:34  Medivac  
  168  16:36  Marine  
  168  16:37  Widow Mine  
  168  16:39  Medivac  
  151  16:42  Marine x2  
  151  16:43  Widow Mine, SCV  
  151  16:45  SCV  
  151  16:47  SCV  
  153  16:49  Marine  
  153  16:51  SCV  
Show
View Real Time Build Order
Export as new Build Order

Solar Zerg - Winner!

Build Orders: Hatch First, Lurkers 

Get SALT Encoding   

  12  0:00  Drone  
  13  0:10  Drone  
  14  0:14  Extractor, Drone  
  15  0:36  Hatchery  
  15  0:41  Extractor  
  15  0:42  Drone  
  15  0:48  Overlord  
  15  1:04  Spawning Pool  
  14  1:07  Drone  
  14  1:10  Drone  
  16  1:13  Drone  
  17  1:19  Drone  
  18  1:27  Extractor  
  18  1:30  Drone  
  18  1:39  Drone  
  19  1:50  Queen x2  
  19  1:52  Zergling x2, Drone  
  25  2:05  Drone, Overlord  
  26  2:11  Drone  
  26  2:12  Drone  
  27  2:28  Drone, Hatchery  
  27  2:35  Queen  
  29  2:38  Drone  
  29  2:42  Drone  
  29  2:43  Drone  
  32  2:52  Overlord  
  32  2:53  Drone x2  
  32  2:58  Metabolic Boost  
  34  3:03  Spore Crawler  
  34  3:06  Drone x2  
  34  3:11  Drone x2  
  34  3:12  Drone  
  39  3:15  Queen  
  39  3:18  Drone  
  42  3:21  Overlord  
  42  3:26  Queen  
  44  3:30  Overlord  
  44  3:40  Queen  
  46  3:43  Drone x5  
  46  3:46  Zergling x2  
  46  3:47  Zergling x2  
  53  3:51  Drone x3  
  53  3:54  Drone  
  57  3:58  Drone x2  
  57  4:02  Drone, Overlord  
  60  4:05  Queen  
  62  4:10  Drone x3  
  62  4:14  Zergling x2  
  62  4:15  Overlord  
  66  4:17  Overlord  
  66  4:20  Queen  
  66  4:21  Drone  
  66  4:22  Drone  
  70  4:25  Drone x3  
  70  4:28  Zergling x2  
  74  4:31  Spore Crawler  
  74  4:33  Overlord  
  74  4:37  Zergling x6  
  76  4:39  Drone x2  
  76  4:40  Drone  
  76  4:44  Queen  
  81  4:49  Lair  
  81  4:51  Spore Crawler  
  80  4:53  Drone  
  80  4:54  Spore Crawler  
  80  4:55  Drone  
  80  4:56  Drone x4  
  80  4:57  Drone  
  86  5:02  Extractor  
  86  5:04  Extractor, Overlord  
  86  5:06  Overlord  
  84  5:07  Baneling Nest  
  84  5:08  Drone  
  84  5:09  Zergling x4  
  84  5:10  Drone  
  87  5:15  Drone  
  87  5:16  Drone  
  87  5:17  Drone  
  90  5:22  Extractor, Hatchery  
  90  5:23  Extractor  
  90  5:26  Drone x3  
  90  5:29  Overlord  
  90  5:30  Drone  
  90  5:31  Drone x2  
  90  5:33  Drone, Evolution Chamber  
  90  5:34  Evolution Chamber  
  92  5:36  Drone  
  92  5:39  Drone  
  94  5:44  Zergling x6  
  94  5:45  Zergling x4  
  94  5:48  Overseer  
  99  5:52  Overlord  
  99  5:55  Drone x2, Queen  
  101  5:57  Overlord  
  101  5:59  Drone  
  101  6:01  Drone  
  101  6:03  Drone, Overlord  
  104  6:04  Drone  
  104  6:05  Drone  
  104  6:07  Zerg Melee Weapons Level 1, Zerg Ground Armor Level 1  
  106  6:11  Zergling x2, Centrifugal Hooks  
  106  6:12  Zergling x8  
  106  6:15  Zergling x2  
  112  6:18  Zergling x2  
  112  6:23  Zergling x2  
  114  6:29  Zergling x2  
  114  6:30  Zergling x2  
  114  6:32  Baneling x10  
  116  6:36  Drone x2  
  116  6:37  Drone  
  116  6:38  Hatchery  
  116  6:39  Drone  
  117  6:45  Zergling x2  
  117  6:46  Zergling x18  
  127  6:49  Baneling x2  
  127  6:51  Drone  
  127  6:53  Drone, Queen  
  131  6:55  Hydralisk Den  
  131  6:56  Overlord  
  131  6:57  Drone  
  131  6:58  Extractor, Baneling x2  
  131  7:00  Drone  
  131  7:03  Drone  
  131  7:06  Overlord  
  131  7:08  Baneling x2  
  132  7:09  Zergling x2  
  132  7:12  Drone  
  134  7:16  Drone x2, Spore Crawler  
  134  7:17  Overlord  
  134  7:19  Zergling x16  
  134  7:21  Drone  
  144  7:27  Hydralisk x2  
  144  7:29  Grooved Spines  
  148  7:31  Drone  
  148  7:33  Hydralisk  
  150  7:39  Overlord  
  150  7:42  Hydralisk x3  
  156  7:47  Overlord x3  
  156  7:48  Pneumatized Carapace  
  156  7:50  Baneling  
  156  7:51  Drone x3, Baneling x9  
  156  7:52  Drone  
  156  7:56  Hydralisk  
  162  7:59  Zergling x2  
  162  8:00  Zergling x6  
  162  8:05  Zergling x18  
  174  8:10  Zerg Ground Armor Level 2  
  174  8:12  Zergling x4  
  176  8:13  Overlord  
  176  8:16  Zergling x2  
  176  8:19  Muscular Augments  
  177  8:20  Hydralisk x4  
  180  8:32  Zergling x2  
  180  8:33  Zergling x22  
  185  8:39  Hydralisk  
  185  8:40  Hydralisk x2  
  183  8:45  Zergling x2  
  183  8:46  Zergling x2  
  183  8:48  Overlord  
  184  8:52  Drone x6, Infestation Pit, Extractor  
  184  8:54  Baneling x10, Hatchery  
  187  9:00  Hydralisk x2  
  187  9:04  Zergling x6  
  187  9:09  Zergling x4  
  191  9:15  Extractor  
  191  9:16  Hydralisk, Baneling x7  
  190  9:20  Zergling x14  
  194  9:26  Zergling x12  
  194  9:29  Zergling x2  
  199  9:35  Hive  
  199  9:36  Zergling x2  
  200  9:43  Drone x2  
  199  9:46  Baneling x8  
  199  9:47  Baneling x2  
  199  9:56  Hatchery  
  199  9:57  Overseer  
  199  9:58  Overlord  
  199  9:59  Drone x2  
  197  10:01  Zergling x2  
  197  10:02  Zergling x4  
  199  10:08  Baneling  
  199  10:09  Baneling x6  
  199  10:21  Lurker Den  
  192  10:22  Hydralisk x2  
  192  10:26  Zergling x48  
  195  10:34  Baneling x7  
  195  10:35  Zergling x10  
  187  10:43  Drone x5  
  187  10:48  Drone x4  
  182  10:52  Hydralisk x7  
  182  10:57  Zergling x2  
  180  10:59  Viper x2  
  180  11:01  Baneling x10  
  180  11:02  Zergling x4  
  182  11:05  Hydralisk  
  182  11:11  Zerg Missile Weapons Level 1  
  182  11:13  Zergling x12  
  182  11:14  Zerg Melee Weapons Level 2  
  182  11:16  Zergling x2  
  182  11:17  Zergling x6  
  192  11:21  Zergling x8  
  196  11:26  Zergling x6  
  196  11:27  Adrenal Glands  
  199  11:33  Extractor  
  199  11:34  Zergling x2  
  199  11:35  Zergling x6  
  198  11:40  Zergling x2  
  198  11:46  Seismic Spines  
  199  11:51  Baneling x2  
  199  11:52  Baneling x3  
  199  11:55  Drone x2, Spore Crawler x2  
  181  12:09  Zergling x8  
  181  12:10  Zergling x14  
  181  12:12  Zergling x28  
  198  12:20  Zergling x6  
  200  12:25  Nydus Network  
  200  12:28  Zergling x6  
  197  12:33  Drone x8  
  197  12:34  Zergling x2  
  197  12:35  Zergling x14  
  200  12:41  Zergling x2  
  200  12:43  Adaptive Talons  
  199  12:47  Overseer  
  199  12:49  Baneling x19  
  199  12:59  Zergling x2  
  199  13:00  Zergling x14  
  197  13:05  Zergling x2, Zerg Ground Armor Level 3  
  197  13:06  Zergling x2  
  197  13:10  Zergling x2  
  197  13:11  Zergling x4  
  197  13:12  Zergling x2  
  200  13:17  Zergling x2  
  195  13:39  Hatchery  
  195  13:40  Zergling x14, Spine Crawler  
  200  13:42  Burrow  
  200  13:46  Overseer x2  
  197  13:53  Drone x2  
  187  13:55  Zergling x10  
  187  13:56  Zergling x16  
  187  14:00  Zerg Missile Weapons Level 2  
  196  14:13  Baneling x5  
  188  14:25  Hydralisk x3  
  188  14:27  Zergling x46  
  191  14:31  Lurker x7  
  191  14:34  Zergling x6  
  200  14:39  Baneling x6  
  199  14:53  Zergling x2  
  199  14:54  Nydus Canal  
  199  14:56  Overseer  
  199  14:59  Zergling x12  
  199  15:06  Hydralisk x3  
  176  15:07  Zergling x32  
  176  15:08  Zergling x4  
  199  15:15  Zergling x2  
  199  15:19  Zergling x4  
  198  15:21  Overseer  
  198  15:22  Hydralisk x2  
  198  15:26  Zergling x16  
  198  15:27  Zergling x4  
  200  15:29  Zergling x2  
  200  15:34  Nydus Canal  
  197  15:38  Zergling x6, Baneling x11  
  194  15:51  Zergling x12  
  194  15:53  Zergling x12  
  194  15:55  Hydralisk x2  
  194  15:56  Hydralisk  
  195  15:57  Zergling x6  
  195  15:58  Zergling x6  
  195  16:00  Infestor  
  195  16:02  Baneling x2  
  200  16:05  Baneling x12  
  200  16:14  Zergling x2  
  200  16:15  Zergling x6  
  196  16:20  Lurker  
  196  16:21  Nydus Canal  
  188  16:25  Hydralisk  
  188  16:26  Hydralisk x2  
  188  16:28  Hydralisk x5  
  188  16:31  Zergling x2  
  188  16:32  Zergling x48  
  198  16:36  Zergling x2  
  183  16:41  Hydralisk x3  
  182  16:47  Infestor  
  182  16:50  Zergling x20  
  182  16:51  Lurker x2  
  182  16:52  Lurker x3  
  182  16:53  Baneling x16  
  182  16:54  Drone x2, Baneling x4  
  189  16:57  Zergling x4  
  193  17:03  Lurker x3  
  193  17:04  Lurker  
  193  17:07  Nydus Canal  
  196  17:09  Zergling x6  
  196  17:12  Baneling x7  
  199  17:16  Hatchery  

Tags
 
Add a new tag
Caveats
  • Supply blocks, unpowered buildings, or Contaminate may cause inaccurate times.
  • Supply counts are checked every 10 seconds.